 Dungeon Sprint DCSS version 0.22-a0-433-gd2a9cce (webtiles) character file.

4 jerryfan the Thaumaturge (level 1, -2/14 HPs)
             Began as a Gnoll Wanderer on May 27, 2018.
             Slain by an ooze (3 damage)
             ... in the Dungeon (Sprint III: "The Ten Rune Challenge").
             The game lasted 00:00:13 (13 turns).

jerryfan the Thaumaturge (Gnoll Wanderer)             Turns: 13, Time: 00:00:14

Health: -2/14      AC:  2    Str: 14    XL:     1   Next: 70%
Magic:  10/10      EV: 11    Int: 15    God:
Gold:   0          SH:  0    Dex: 13    Spells: 18/18 levels left

rFire    . . .     SeeInvis .   e - +0 club
rCold    . . .     Gourm    .   (no shield)
rNeg     . . .     Faith    .   d - +0 robe
rPois    .         Spirit   .   (no helmet)
rElec    .         Reflect  .   (no cloak)
rCorr    .         Harm     .   (no gloves)
MR       .....     NoTele   +   (no boots)
Stlth    ++........             (no amulet)
HPRegen  0.04/turn              (no ring)
MPRegen  0.12/turn              (no ring)

@: no status effects
A: distributed training, fangs 1, strong nose
a: no special abilities


You were in the Dungeon.
You were not hungry.

You visited 1 branch

Inventory:

Hand Weapons
 e - a +0 club (weapon)
Armour
 d - a +0 robe (worn)
Scrolls
 l - a scroll of blinking
Potions
 g - a potion of curing
 h - a potion of heal wounds
 i - a potion of haste
 j - 2 potions of magic
 k - a potion of berserk rage
Comestibles
 f - a ration


   Skills:
 + Level 0.8 Fighting
 + Level 0.8 Short Blades
 + Level 0.8 Long Blades
 + Level 0.8 Axes
 + Level 0.8 Maces & Flails
 + Level 0.8 Polearms
 + Level 0.8 Staves
 + Level 0.8 Slings
 + Level 0.8 Bows
 + Level 0.8 Crossbows
 + Level 0.8 Throwing
 + Level 0.8 Armour
 + Level 0.8 Dodging
 + Level 0.8 Stealth
 + Level 0.8 Shields
 + Level 0.8 Unarmed Combat
 + Level 9.3 Spellcasting
 + Level 0.5 Conjurations
 + Level 0.5 Hexes
 + Level 0.5 Charms
 + Level 0.5 Summonings
 + Level 0.5 Necromancy
 + Level 0.5 Translocations
 + Level 0.5 Transmutations
 + Level 3.7 Fire Magic
 + Level 0.5 Ice Magic
 + Level 2.1 Air Magic
 + Level 0.5 Earth Magic
 + Level 2.1 Poison Magic
 + Level 1.0 Invocations
 + Level 4.5 Evocations


You had 18 spell levels left.
You didn't know any spells.
Your spell library contained the following spells:

 Spells                   Type           Power        Failure   Level  Hunger
 Magic Dart               Conj           #...         9%          1    None
 Conjure Flame            Conj/Fire      ##......     13%         3    #......
 Slow                     Hex            #.......     13%         2    None
 Mephitic Cloud           Conj/Pois/Air  ##......     16%         3    #......
 Blink                    Tloc           N/A          13%         2    None
 Call Imp                 Summ           #.......     13%         2    None
 Sting                    Conj/Pois      ##..         6%          1    None
 Flame Tongue             Conj/Fire      ##...        4%          1    None
 Ignite Poison            Fire/Tmut/Pois ##......     13%         3    #......


Dungeon Overview and Level Annotations

Branches:
Dungeon (1/1)

Altars:


Innate Abilities, Weirdness & Mutations

Your experience applies equally to all skills.
You have very sharp teeth.
Your uncanny sense of smell can sniff out nearby items.


Message History

The ooze is moderately wounded.
The ooze closely misses you.
You hit the ooze but do no damage.
The ooze is moderately wounded.
The ooze hits you but does no damage. The ooze barely misses you.
You hit the ooze.
The ooze is heavily wounded.
The ooze hits you.
You hit the ooze.
The ooze is severely wounded.
The ooze hits you.
* * * LOW HITPOINT WARNING * * *
You hit the ooze but do no damage.
The ooze is severely wounded.
The ooze hits you.
* * * LOW HITPOINT WARNING * * *
You hit the ooze but do no damage. You bite the ooze.
The ooze is almost dead.
The ooze hits you.
You die...

▓▓▓▓
▓<.#∆∆
▓..#∆∆
▓#'####
▓.@J..#
▓.....#
▓....$#
▓####+#
∆


You could see an ooze.

Vanquished Creatures
  An ooze (D)
1 creature vanquished.

Notes
Turn   | Place    | Note
-------+----------+-------------------------------------------
     0 | D        | Reached skill level 9 in Spellcasting
     0 | D        | jerryfan the Gnoll Wanderer began the quest for the Orb.
     0 | D        | jerryfan set off with: a +0 robe, a +0 club, a ration, a potion of curing, a potion of heal wounds, a potion of haste, 2 potions of magic, a potion of berserk rage, a scroll of blinking
     0 | D        | Reached XP level 1. HP: 13/13 MP: 10/10
     7 | D        | Reached skill level 1 in Invocations
    13 | D        | Slain by an ooze

Vault maps used:
D:        dungeon_sprint_mu

Skill      XL: |  1 |
---------------+----+-----
Spellcasting   | |  9.3
Air Magic      | 2 |  2.1
Poison Magic   | 2 |  2.1
Invocations    | 1 |  1.0
Fighting       | |  0.8
Short Blades   | |  0.8
Long Blades    | |  0.8
Axes           | |  0.8
Maces & Flails | |  0.8
Polearms       | |  0.8
Staves         | |  0.8
Slings         | |  0.8
Bows           | |  0.8
Crossbows      | |  0.8
Throwing       | |  0.8
Armour         | |  0.8
Dodging        | |  0.8
Stealth        | |  0.8
Shields        | |  0.8
Unarmed Combat | |  0.8
Conjurations   | |  0.5
Hexes          | |  0.5
Charms         | |  0.5
Summonings     | |  0.5
Necromancy     | |  0.5
Translocations | |  0.5
Transmutations | |  0.5
Fire Magic     | |  3.7
Ice Magic      | |  0.5
Earth Magic    | |  0.5
Evocations     | |  4.5

Action                   || total
-------------------------++-------
Melee: Club              ||    10
       Bite              ||     2
 Stab: Sleeping          ||     1
Armor: Robe              ||     2
Dodge: Dodged            ||     3

Table legend:
 A = Spawn XP
 B = Non-spawn XP
 C = Spawn XP percentage of total XP
 D = Spawn monster count
 E = Non-spawn monster count
 F = Spawn count percentage of total count
 G = Total turns spent on level
                    A         B        C        D         E        F      G
               +---------+---------+-------+---------+---------+-------+---------
         Total |       0 |       7 |   0.0 |       0 |       1 |   0.0 |    13
               +---------+---------+-------+---------+---------+-------+---------
             D |       0 |       7 |   0.0 |       0 |       1 |   0.0 |    13
               +---------+---------+-------+---------+---------+-------+---------
